cohdb
Replays
Latest Replays
All Replays
Popular Replays
Top Player Replays
Match Explorer
How It Works
Community
CoH3 Stats
Reddit
Sign in to upload your games and track your stats! →
Sign in with Steam
Match 42673434
Unlisted
Match 42673434
Overview
Messages
Build Orders
End
Panzergrenadier Squad
250 Light Carrier
Selects Panzerjäger Kommand Battlegroup
Selects Blockade Equipment
Selects Mine Fields
Panzergrenadier Squad
Construct Light Support Kompanie
MG34 Team
2.5-tonne Medical Truck
Combat Half-tracks
Selects GrB 39 Grenade Launcher Requisition
Panzerjäger Mechanized Group
Fire Support Elements
Advanced Field Repairs
Panzerpioneer Squad
Construct Panzerarmee Kommand
Veteran Squad Leaders
伊蕾娜
Dave
[HK] Krom !
Vryru
Klaudio75
Diesel
0
0
Comments
sign in to comment!
No comments posted yet!